WCHLSIM.com - West Coast Hockey League
html PUBLIC "-//W3C//DTD XHTML 1.0 Transitional//EN" "http://www.w3.org/TR/xhtml1/DTD/xhtml1-transitional.dtd"> WCHL - Game 179 - LOS ANGELES SEALS vs LAS VEGAS LIZARD KINGS

LOS ANGELES SEALS vs LAS VEGAS LIZARD KINGS

Created - 9 novembre 2021 at 20:22

Goals
1 2 3 T
LOS ANGELES SEALS 1 1 1 3
LAS VEGAS LIZARD KINGS 0 1 1 2
Shots
1 2 3 T
LOS ANGELES SEALS 4 9 10 23
LAS VEGAS LIZARD KINGS 9 9 11 29

1st period

1. LOS ANGELES SEALS , Jakob Silfverberg 3 (Erik Haula 5, Dylan Strome 4) at 4:12

Penalties :
Greg Pateryn (LOS) for Hooking (Minor) at 11:13

2nd period

2. LOS ANGELES SEALS , Erik Haula 3 (Christian Wolanin 2) at 4:37
3. LAS VEGAS LIZARD KINGS , Evan Rodrigues 1 (Brayden McNabb 2, Mikhail Grigorenko 2) at 16:51

Penalties :
Jakob Silfverberg (LOS) for Holding (Minor) at 9:20, Nick Leddy (LVG) for Roughing (Minor) at 13:47

3rd period

4. LOS ANGELES SEALS , Matt Duchene 4 (Oskar Sundqvist 1, Tyler Johnson 4) at 6:23 (PP)
5. LAS VEGAS LIZARD KINGS , Bobby Ryan 1 (Matt Roy 4) at 12:03

Penalties :
Dylan Gambrell (LVG) for Tripping (Minor) at 6:02, Kevan Miller (LVG) for Roughing (Minor) at 9:25

Goalie Stats

Cal Petersen (LOS), 27 saves from 29 shots - (0,931), W, 5-5-0, 60:00 minutes
David Rittich (LVG), 20 saves from 23 shots - (0,870), L, 1-1-0, 59:31 minutes

Players Stats for LOS ANGELES SEALS

Player Name              G  A  P  +/- PIM S  H  SB GA TA FO     MP     PP MP  PK MP  
------------------------------------------------------------------------------------
Adam Boqvist             0  0  0   1  0   1  0  3  0  0  0/0    23:10   2:43   1:54 
Christian Wolanin        0  1  1   1  0   0  1  1  0  0  0/0    19:30   1:11   1:25 
Darren Helm              0  0  0   0  0   0  0  0  0  0  1/2    12:35   0:00   1:11 
Dylan Strome             0  1  1   1  0   2  2  0  0  0  12/21  18:05   0:00   0:00 
Erik Haula               1  1  2   1  0   4  2  0  0  0  0/1    21:14   1:09   2:00 
Greg Pateryn             0  0  0   0  2   0  0  2  0  0  0/0    19:20   2:04   0:39 
Isac Lundestrom          0  0  0  -1  0   0  0  2  0  0  0/0     6:39   0:00   0:00 
Jack Roslovic            0  0  0  -1  0   0  0  0  0  0  0/0     7:19   0:00   0:00 
Jakob Silfverberg        1  0  1   1  2   2  0  0  0  0  0/1    20:02   1:09   0:49 
Jaret Anderson-Dolan     0  0  0   0  0   4  0  0  0  0  0/0    14:55   0:00   0:00 
Marcus Pettersson        0  0  0  -1  0   0  1  4  0  0  0/0    17:30   0:39   0:00 
Matt Duchene             1  0  1   0  0   7  2  1  0  0  17/26  20:03   3:10   1:58 
Noah Dobson              0  0  0  -1  0   0  1  3  0  0  0/0    21:08   1:36   1:21 
Oskar Sundqvist          0  1  1  -1  0   0  2  0  0  0  3/9    12:27   3:10   1:58 
Owen Tippett             0  0  0   0  0   1  1  0  0  0  0/1    11:24   0:00   0:00 
Radek Faksa              0  0  0   0  0   0  0  0  0  0  10/17  13:13   1:09   0:00 
Tobias Bjornfot          0  0  0   0  0   0  3  1  0  0  0/0    19:21   0:25   2:37 
Tyler Johnson            0  1  1   0  0   2  1  0  0  0  0/0    18:05   3:10   0:00 

Players Stats for LAS VEGAS LIZARD KINGS

Player Name              G  A  P  +/- PIM S  H  SB GA TA FO     MP     PP MP  PK MP  
------------------------------------------------------------------------------------
Barclay Goodrow          0  0  0   0  0   4  6  1  0  0  0/0    19:42   1:44   2:39 
Bobby Ryan               1  0  1   1  0   1  0  0  0  0  0/0     4:11   0:00   0:00 
Brandon Hagel            0  0  0   0  0   1  1  0  0  0  0/1    18:40   1:44   1:37 
Brayden McNabb           0  1  1   1  0   0  0  1  0  0  0/0    23:04   1:44   2:13 
Derek Ryan               0  0  0   0  0   4  0  0  0  0  12/21  15:09   0:00   2:42 
Dylan Gambrell           0  0  0   0  2   2  1  0  0  0  0/0    12:26   0:00   0:00 
Evan Rodrigues           1  0  1   1  0   1  0  0  0  0  1/2     4:14   0:00   0:03 
John Marino              0  0  0   1  0   1  1  0  0  0  0/0    24:15   2:14   2:06 
Johnny Gaudreau          0  0  0  -1  0   3  0  0  0  0  0/3    22:00   2:14   0:00 
Kevan Miller             0  0  0  -1  2   0  0  2  0  0  0/0    14:11   0:00   0:00 
Matt Roy                 0  1  1   0  0   0  0  1  0  0  0/0    21:26   1:44   2:06 
Matthew Nieto            0  0  0   0  0   2  1  0  0  0  0/1    12:27   0:00   0:00 
Mikhail Grigorenko       0  1  1   1  0   1  0  0  0  0  1/1     4:11   0:00   0:00 
Nick Leddy               0  0  0   0  2   1  0  0  0  0  0/0    20:37   2:14   0:00 
Olli Maatta              0  0  0  -1  0   1  0  0  0  0  0/0    16:25   0:00   2:13 
Ryan Nugent-Hopkins      0  0  0  -1  0   2  1  0  0  0  11/27  22:00   2:14   0:00 
Sean Monahan             0  0  0   0  0   1  1  0  0  0  10/21  18:40   1:44   1:37 
Victor Olofsson          0  0  0  -1  0   4  0  0  0  0  0/1    22:00   2:14   0:00 

3 Stars

1 - Erik Haula (LOS)
2 - Matt Duchene (LOS)
3 - Bobby Ryan (LVG)

Power Play

LOS ANGELES SEALS - 1 on 3 Attempt(s) - 33,33%
LAS VEGAS LIZARD KINGS - 0 on 2 Attempt(s) - 0,00%

Penalty Kill

LOS ANGELES SEALS - 2 on 2 Attempt(s) - 100,00% - Score 0 goal in Penalty Kill
LAS VEGAS LIZARD KINGS - 2 on 3 Attempt(s) - 66,67% - Score 0 goal in Penalty Kill

Team Stat

LOS ANGELES SEALS - Hits : 16 - Faceoff Wins : 43 - Blocked Shots : 17 - Penalty Minutes : 4
LAS VEGAS LIZARD KINGS - Hits : 12 - Faceoff Wins : 35 - Blocked Shots : 5 - Penalty Minutes : 6

Official

Referees : Chris Schlenker and Jim Curtin
Linesman : Luke Murray and Matt Brady

Game Notes

No Game Note

Finance

Level 1 -- Attendance: 5063 (80,75%) -- Ticket Income 1 113 860 $
Level 2 -- Attendance: 3731 (70,13%) -- Ticket Income 559 650 $
Level 3 -- Attendance: 1661 (79,47%) -- Ticket Income 215 930 $
Level 4 -- Attendance: 2831 (65,53%) -- Ticket Income 283 100 $
Luxury Box -- Attendance: 731 (73,10%) -- Ticket Income 292 400 $
Game was played at the Casino Square Garden.
Total Attendance: 14017 (73,77%)
Total Ticket Income: 2 464 940 $
Other Expense: 24 649 $
Total Income: 2 440 291 $

LOS ANGELES SEALS

5 vs 5 Forward 
   Center                   Left Wing                Right Wing               Time % Phy DF OF 
 1 Dylan Strome             Jakob Silfverberg        Erik Haula               36     1   2  2  
 2 Matt Duchene             Tyler Johnson            Jaret Anderson-Dolan     31     1   2  2  
 3 Radek Faksa              Darren Helm              Owen Tippett             23     1   2  2  
 4 Oskar Sundqvist          Isac Lundestrom          Jack Roslovic            10     1   2  2  

5 vs 5 Defense 
   Defense                  Defense                                           Time % Phy DF OF 
 1 Christian Wolanin        Adam Boqvist                                      36     1   2  2  
 2 Noah Dobson              Marcus Pettersson                                 31     1   2  2  
 3 Tobias Bjornfot          Greg Pateryn                                      23     1   2  2  
 4 Noah Dobson              Adam Boqvist                                      10     1   2  2  

PowerPlay Forward 
   Center                   Left Wing                Right Wing               Time % Phy DF OF 
 1 Radek Faksa              Jakob Silfverberg        Erik Haula               55     1   2  2  
 2 Matt Duchene             Tyler Johnson            Oskar Sundqvist          45     1   2  2  

PowerPlay Defense
   Defense                  Defense                                           Time % Phy DF OF 
 1 Adam Boqvist             Greg Pateryn                                      55     1   2  2  
 2 Noah Dobson              Tobias Bjornfot                                   45     1   2  2  

Penalty Kill 4 Players Forward 
   Center                   Wing                     Time % Phy DF OF 
 1 Oskar Sundqvist          Matt Duchene             55     1   2  2  
 2 Jakob Silfverberg        Erik Haula               45     1   2  2  

Penalty Kill 4 Players Defense
   Defense                  Defense                  Time % Phy DF OF 
 1 Adam Boqvist             Tobias Bjornfot          55     1   2  2  
 2 Noah Dobson              Greg Pateryn             45     1   2  2  

Penalty Kill - 3 Players Forward 
   Forward                                           Time % Phy DF OF 
 1 Jakob Silfverberg                                 55     1   2  2  
 2 Matt Duchene                                      45     1   2  2  

Penalty Kill - 3 Players Defense
   Defense                  Defense                  Time % Phy DF OF 
 1 Adam Boqvist             Tobias Bjornfot          55     1   2  2  
 2 Noah Dobson              Greg Pateryn             45     1   2  2  

4 vs 4 Forward 
   Center                   Wing                     Time % Phy DF OF 
 1 Radek Faksa              Matt Duchene             55     1   2  2  
 2 Jakob Silfverberg        Erik Haula               45     1   2  2  

4 vs 4 Defense
   Defense                  Defense                  Time % Phy DF OF 
 1 Greg Pateryn             Adam Boqvist             55     1   2  2  
 2 Noah Dobson              Tobias Bjornfot          45     1   2  2  

Last Minutes Offensive
   Center                   Left Wing                Right Wing               Defense                  Defense                  
   Dylan Strome             Jakob Silfverberg        Erik Haula               Christian Wolanin        Adam Boqvist             

Last Minutes Defensive
   Center                   Left Wing                Right Wing               Defense                  Defense                  
   Dylan Strome             Jakob Silfverberg        Erik Haula               Christian Wolanin        Adam Boqvist             

Goaltenders
Starting : Cal Petersen             
Backup : Carter Hutton            

Extra Forwards
Normal : Jakob Silfverberg, Radek Faksa, Oskar Sundqvist - PP : Jakob Silfverberg, Radek Faksa - PK : Oskar Sundqvist
Extra Defensemen
Normal : Tobias Bjornfot, Greg Pateryn, Noah Dobson - PP : Tobias Bjornfot - PK : Greg Pateryn, Noah Dobson
Penalty Shots
Oskar Sundqvist, Matt Duchene, Jakob Silfverberg, Erik Haula, Tyler Johnson
Custom OT Lines Forwards
Dylan Strome, Matt Duchene, Jakob Silfverberg, Erik Haula, Tyler Johnson, Radek Faksa, Oskar Sundqvist, Jack Roslovic, Darren Helm, Isac Lundestrom
Custom OT Lines Defensemen
Adam Boqvist, Christian Wolanin, Noah Dobson, Greg Pateryn, Tobias Bjornfot

Scratches
Kyle Clifford (Healthy), Patrick Maroon (Healthy), Ryan Murray (Exhaustion), Daniel Vladar (Healthy)

LAS VEGAS LIZARD KINGS

5 vs 5 Forward 
   Center                   Left Wing                Right Wing               Time % Phy DF OF 
 1 Ryan Nugent-Hopkins      Johnny Gaudreau          Victor Olofsson          38     0   2  3  
 2 Sean Monahan             Brandon Hagel            Barclay Goodrow          30     0   2  3  
 3 Derek Ryan               Matthew Nieto            Dylan Gambrell           26     0   4  1  
 4 Mikhail Grigorenko       Evan Rodrigues           Bobby Ryan               6      0   4  1  

5 vs 5 Defense 
   Defense                  Defense                                           Time % Phy DF OF 
 1 Brayden McNabb           John Marino                                       45     1   2  2  
 2 Matt Roy                 Nick Leddy                                        35     0   2  3  
 3 Kevan Miller             Olli Maatta                                       20     0   3  2  
 4 Kevan Miller             Olli Maatta                                       0      1   2  2  

PowerPlay Forward 
   Center                   Left Wing                Right Wing               Time % Phy DF OF 
 1 Ryan Nugent-Hopkins      Johnny Gaudreau          Victor Olofsson          80     0   0  5  
 2 Sean Monahan             Brandon Hagel            Barclay Goodrow          20     0   0  5  

PowerPlay Defense
   Defense                  Defense                                           Time % Phy DF OF 
 1 John Marino              Nick Leddy                                        80     0   0  5  
 2 Matt Roy                 Brayden McNabb                                    20     0   1  4  

Penalty Kill 4 Players Forward 
   Center                   Wing                     Time % Phy DF OF 
 1 Derek Ryan               Barclay Goodrow          70     0   5  0  
 2 Dylan Gambrell           Ryan Nugent-Hopkins      30     0   5  0  

Penalty Kill 4 Players Defense
   Defense                  Defense                  Time % Phy DF OF 
 1 Olli Maatta              Brayden McNabb           50     0   5  0  
 2 Matt Roy                 John Marino              50     0   5  0  

Penalty Kill - 3 Players Forward 
   Forward                                           Time % Phy DF OF 
 1 Derek Ryan                                        55     1   4  0  
 2 Evan Rodrigues                                    45     1   4  0  

Penalty Kill - 3 Players Defense
   Defense                  Defense                  Time % Phy DF OF 
 1 Nick Leddy               Brayden McNabb           55     1   2  2  
 2 Matt Roy                 Olli Maatta              45     1   2  2  

4 vs 4 Forward 
   Center                   Wing                     Time % Phy DF OF 
 1 Ryan Nugent-Hopkins      Johnny Gaudreau          55     0   1  4  
 2 Sean Monahan             Barclay Goodrow          45     0   3  2  

4 vs 4 Defense
   Defense                  Defense                  Time % Phy DF OF 
 1 Brayden McNabb           Nick Leddy               55     1   2  2  
 2 Matt Roy                 John Marino              45     1   2  2  

Last Minutes Offensive
   Center                   Left Wing                Right Wing               Defense                  Defense                  
   Ryan Nugent-Hopkins      Johnny Gaudreau          Victor Olofsson          John Marino              Nick Leddy               

Last Minutes Defensive
   Center                   Left Wing                Right Wing               Defense                  Defense                  
   Derek Ryan               Barclay Goodrow          Matthew Nieto            John Marino              Brayden McNabb           

Goaltenders
Starting : David Rittich            
Backup : Marc-Andre Fleury        

Extra Forwards
Normal : Sean Monahan, Ryan Nugent-Hopkins, Brandon Hagel - PP : Victor Olofsson, Brandon Hagel - PK : Derek Ryan
Extra Defensemen
Normal : John Marino, Nick Leddy, Olli Maatta - PP : Brayden McNabb - PK : Nick Leddy, Olli Maatta
Penalty Shots
Johnny Gaudreau, Victor Olofsson, Ryan Nugent-Hopkins, Sean Monahan, Bobby Ryan
Custom OT Lines Forwards
Ryan Nugent-Hopkins, Johnny Gaudreau, Brandon Hagel, Sean Monahan, Victor Olofsson, Barclay Goodrow, Matthew Nieto, Derek Ryan, Evan Rodrigues, Mikhail Grigorenko
Custom OT Lines Defensemen
Nick Leddy, Brayden McNabb, John Marino, Matt Roy, Kevan Miller

Scratches
Nino Niederreiter (Exhaustion)

% Time on Ice - LOS ANGELES SEALS

Lines # - Real PCT - Wanted PCT - Time Play
Normal Forward
1 - 35% - 36% - 18:05
2 - 29% - 31% - 14:55
3 - 22% - 23% - 11:24
4 - 13% - 10% - 6:39
Normal Defense
1 - 32% - 36% - 16:14
2 - 32% - 31% - 16:34
3 - 30% - 23% - 15:28
4 - 5% - 10% - 2:47
PP Forward
1 - 27% - 55% - 1:09
2 - 73% - 45% - 3:10
PP Defense
1 - 63% - 55% - 2:43
2 - 37% - 45% - 1:36
PK Forward
1 - 50% - 55% - 1:58
2 - 50% - 45% - 2:00
PK Defense
1 - 66% - 55% - 2:37
2 - 34% - 45% - 1:21
PK3 Forward
1 - 0% - 55%
2 - 0% - 45%
PK3 Defense
1 - 0% - 55%
2 - 0% - 45%
44 Forward
1 - 0% - 55%
2 - 0% - 45%
44 Defense
1 - 0% - 55%
2 - 0% - 45%
Last Minute Offensive  - 0:00
Last Minute Defensive  - 0:40
Total
Forward - 60:00
Defense - 60:00

% Time on Ice - LAS VEGAS LIZARD KINGS

Lines # - Real PCT - Wanted PCT - Time Play
Normal Forward
1 - 37% - 38% - 18:58
2 - 30% - 30% - 15:19
3 - 24% - 26% - 12:27
4 - 8% - 6% - 4:11
Normal Defense
1 - 38% - 45% - 19:07
2 - 35% - 35% - 17:36
3 - 25% - 20% - 12:53
4 - 3% - 0% - 1:19
PP Forward
1 - 56% - 80% - 2:14
2 - 44% - 20% - 1:44
PP Defense
1 - 56% - 80% - 2:14
2 - 44% - 20% - 1:44
PK Forward
1 - 100% - 70% - 4:19
2 - 0% - 30% - 0:00
PK Defense
1 - 51% - 50% - 2:13
2 - 49% - 50% - 2:06
PK3 Forward
1 - 0% - 55%
2 - 0% - 45%
PK3 Defense
1 - 0% - 55%
2 - 0% - 45%
44 Forward
1 - 0% - 55%
2 - 0% - 45%
44 Defense
1 - 0% - 55%
2 - 0% - 45%
Last Minute Offensive  - 0:48
Last Minute Defensive  - 0:00
Total
Forward - 60:00
Defense - 60:00

Play-by-Play

1st period


0:01 of 1st period - Dylan Strome wins face-off versus Ryan Nugent-Hopkins in neutral zone.
0:15 of 1st period - Icing by Erik Haula.
0:16 of 1st period - Dylan Strome wins face-off versus Sean Monahan in LOS ANGELES SEALS zone.
0:31 of 1st period - Nick Leddy is hit by Erik Haula and loses puck.
1:17 of 1st period - Icing by Barclay Goodrow.
1:18 of 1st period - Radek Faksa wins face-off versus Sean Monahan in LAS VEGAS LIZARD KINGS zone.
2:40 of 1st period - Shot by Ryan Nugent-Hopkins.
2:40 of 1st period - Deflect By Victor Olofsson.
2:40 of 1st period - Shot Blocked by Tobias Bjornfot.
4:08 of 1st period - Shot by Erik Haula.
4:08 of 1st period - Shot Misses the Net.
4:10 of 1st period - Shot by Jakob Silfverberg.
4:10 of 1st period - Shot Misses the Net.
4:12 of 1st period - Shot by Jakob Silfverberg.
4:12 of 1st period - Goal by Jakob Silfverberg - LOS ANGELES SEALS : 1 - LAS VEGAS LIZARD KINGS : 0.
4:13 of 1st period - Sean Monahan wins face-off versus Oskar Sundqvist in neutral zone.
4:45 of 1st period - Shot by Barclay Goodrow.
4:45 of 1st period - Stopped by Cal Petersen with a rebound.
4:47 of 1st period - Shot by Barclay Goodrow.
4:47 of 1st period - Stopped by Cal Petersen without a rebound.
4:48 of 1st period - Derek Ryan wins face-off versus Matt Duchene in LOS ANGELES SEALS zone.
5:11 of 1st period - Shot by Dylan Gambrell.
5:11 of 1st period - Shot Misses the Net.
5:13 of 1st period - Shot by Derek Ryan.
5:13 of 1st period - Shot Blocked by Matt Duchene.
5:15 of 1st period - Shot by Matthew Nieto.
5:15 of 1st period - Stopped by Cal Petersen without a rebound.
5:16 of 1st period - Mikhail Grigorenko wins face-off versus Jakob Silfverberg in LOS ANGELES SEALS zone.
5:43 of 1st period - Shot by Evan Rodrigues.
5:43 of 1st period - Shot Blocked by Greg Pateryn.
5:45 of 1st period - Shot by John Marino.
5:45 of 1st period - Stopped by Cal Petersen without a rebound.
5:46 of 1st period - Matt Duchene wins face-off versus Johnny Gaudreau in LOS ANGELES SEALS zone.
6:08 of 1st period - Shot by Victor Olofsson.
6:08 of 1st period - Stopped by Cal Petersen with a rebound.
6:10 of 1st period - Shot by Ryan Nugent-Hopkins.
6:10 of 1st period - Shot Blocked by Adam Boqvist.
6:32 of 1st period - Shot by Ryan Nugent-Hopkins.
6:32 of 1st period - Shot Blocked by Noah Dobson.
7:39 of 1st period - Icing by Kevan Miller.
7:40 of 1st period - Radek Faksa wins face-off versus Derek Ryan in LAS VEGAS LIZARD KINGS zone.
7:43 of 1st period - Shot by Owen Tippett.
7:43 of 1st period - Shot Misses the Net.
7:58 of 1st period - Icing by Christian Wolanin.
7:59 of 1st period - Radek Faksa wins face-off versus Ryan Nugent-Hopkins in LOS ANGELES SEALS zone.
8:37 of 1st period - Shot by Ryan Nugent-Hopkins.
8:37 of 1st period - Stopped by Cal Petersen without a rebound.
8:38 of 1st period - Sean Monahan wins face-off versus Dylan Strome in LOS ANGELES SEALS zone.
8:51 of 1st period - Icing by Barclay Goodrow.
8:52 of 1st period - Matt Duchene wins face-off versus Sean Monahan in LAS VEGAS LIZARD KINGS zone.
8:59 of 1st period - Shot by Tyler Johnson.
8:59 of 1st period - Deflect By Matt Duchene.
8:59 of 1st period - Stopped by David Rittich without a rebound.
9:00 of 1st period - Dylan Strome wins face-off versus Ryan Nugent-Hopkins in LAS VEGAS LIZARD KINGS zone.
9:26 of 1st period - Shot by Johnny Gaudreau.
9:26 of 1st period - Shot Misses the Net.
10:22 of 1st period - Icing by Marcus Pettersson.
10:23 of 1st period - Dylan Strome wins face-off versus Derek Ryan in LOS ANGELES SEALS zone.
10:43 of 1st period - Icing by Matt Roy.
10:44 of 1st period - Derek Ryan wins face-off versus Oskar Sundqvist in LAS VEGAS LIZARD KINGS zone.
11:01 of 1st period - Shot by Derek Ryan.
11:01 of 1st period - Shot Misses the Net.
11:03 of 1st period - Shot by Matthew Nieto.
11:03 of 1st period - Stopped by Cal Petersen without a rebound.
11:04 of 1st period - Matt Duchene wins face-off versus Sean Monahan in LOS ANGELES SEALS zone.
11:13 of 1st period - Minor Penalty to Greg Pateryn for Hooking.
11:14 of 1st period - Matt Duchene wins face-off versus Ryan Nugent-Hopkins in LOS ANGELES SEALS zone.
12:53 of 1st period - Erik Haula is hit by Barclay Goodrow and loses puck.
13:13 of 1st period - Shot by Victor Olofsson.
13:13 of 1st period - Stopped by Cal Petersen without a rebound.
13:14 of 1st period - Radek Faksa wins face-off versus Evan Rodrigues in LOS ANGELES SEALS zone.
13:22 of 1st period - Icing by Greg Pateryn.
13:23 of 1st period - Derek Ryan wins face-off versus Radek Faksa in LOS ANGELES SEALS zone.
13:24 of 1st period - Shot by Matthew Nieto.
13:24 of 1st period - Shot Misses the Net.
13:40 of 1st period - Shot by Derek Ryan.
13:40 of 1st period - Shot Misses the Net.
14:09 of 1st period - Marcus Pettersson is hit by Dylan Gambrell and loses puck.
14:25 of 1st period - Icing by Brayden McNabb.
14:26 of 1st period - Matt Duchene wins face-off versus Ryan Nugent-Hopkins in LAS VEGAS LIZARD KINGS zone.
14:47 of 1st period - Shot by Jaret Anderson-Dolan.
14:47 of 1st period - Stopped by David Rittich with a rebound.
15:22 of 1st period - Off-side.
15:23 of 1st period - Oskar Sundqvist wins face-off versus Brandon Hagel in neutral zone.
16:13 of 1st period - Icing by Greg Pateryn.
16:14 of 1st period - Ryan Nugent-Hopkins wins face-off versus Oskar Sundqvist in LOS ANGELES SEALS zone.
16:23 of 1st period - Shot by Ryan Nugent-Hopkins.
16:23 of 1st period - Shot Misses the Net.
16:25 of 1st period - Shot by Ryan Nugent-Hopkins.
16:25 of 1st period - Shot Hit the Post.
16:27 of 1st period - Shot by Olli Maatta.
16:27 of 1st period - Stopped by Cal Petersen without a rebound.
16:28 of 1st period - Evan Rodrigues wins face-off versus Matt Duchene in LOS ANGELES SEALS zone.
16:29 of 1st period - Shot by Mikhail Grigorenko.
16:29 of 1st period - Shot Blocked by Adam Boqvist.
17:01 of 1st period - Shot by Matt Duchene.
17:01 of 1st period - Stopped by David Rittich without a rebound.
17:02 of 1st period - Dylan Strome wins face-off versus Sean Monahan in LAS VEGAS LIZARD KINGS zone.
18:18 of 1st period - Icing by Dylan Strome.
18:19 of 1st period - Derek Ryan wins face-off versus Dylan Strome in LOS ANGELES SEALS zone.
18:39 of 1st period - Icing by Matthew Nieto.
18:40 of 1st period - Matt Duchene wins face-off versus Derek Ryan in LAS VEGAS LIZARD KINGS zone.
18:44 of 1st period - Tyler Johnson is hit by John Marino and loses puck.
18:52 of 1st period - Dylan Gambrell is hit by Christian Wolanin and loses puck.
18:59 of 1st period - Shot by Dylan Gambrell.
18:59 of 1st period - Shot Misses the Net.
19:44 of 1st period - Icing by Johnny Gaudreau.
19:45 of 1st period - Ryan Nugent-Hopkins wins face-off versus Oskar Sundqvist in LAS VEGAS LIZARD KINGS zone.
19:50 of 1st period - Shot by Ryan Nugent-Hopkins.
19:50 of 1st period - Shot Misses the Net.
Goals for this period are 1 for LOS ANGELES SEALS vs 0 for LAS VEGAS LIZARD KINGS.
Shots for this period are 4 for LOS ANGELES SEALS vs 9 for LAS VEGAS LIZARD KINGS.

2nd period


0:01 of 2nd period - Sean Monahan wins face-off versus Dylan Strome in neutral zone.
0:07 of 2nd period - Erik Haula is hit by Sean Monahan and loses puck.
0:17 of 2nd period - Shot by Dylan Strome.
0:17 of 2nd period - Stopped by David Rittich without a rebound.
0:18 of 2nd period - Ryan Nugent-Hopkins wins face-off versus Matt Duchene in LAS VEGAS LIZARD KINGS zone.
0:18 of 2nd period - Victor Olofsson is hit by Tyler Johnson and loses puck.
0:42 of 2nd period - Shot by Tyler Johnson.
0:42 of 2nd period - Stopped by David Rittich with a rebound.
1:29 of 2nd period - Shot by Jakob Silfverberg.
1:29 of 2nd period - Shot Misses the Net.
2:11 of 2nd period - Shot by Radek Faksa.
2:11 of 2nd period - Shot Blocked by Kevan Miller.
2:21 of 2nd period - Shot by Dylan Gambrell.
2:21 of 2nd period - Stopped by Cal Petersen with a rebound.
2:25 of 2nd period - Shot by Matthew Nieto.
2:25 of 2nd period - Shot Blocked by Marcus Pettersson.
3:06 of 2nd period - Icing by Greg Pateryn.
3:07 of 2nd period - Matt Duchene wins face-off versus Johnny Gaudreau in LOS ANGELES SEALS zone.
3:33 of 2nd period - Icing by Tyler Johnson.
3:34 of 2nd period - Matt Duchene wins face-off versus Sean Monahan in LOS ANGELES SEALS zone.
3:34 of 2nd period - Matt Duchene is hit by Barclay Goodrow.
4:23 of 2nd period - Jakob Silfverberg is hit by Barclay Goodrow.
4:37 of 2nd period - Shot by Erik Haula.
4:37 of 2nd period - Goal by Erik Haula - LOS ANGELES SEALS : 2 - LAS VEGAS LIZARD KINGS : 0.
4:38 of 2nd period - Oskar Sundqvist wins face-off versus Ryan Nugent-Hopkins in neutral zone.
5:06 of 2nd period - Ryan Nugent-Hopkins is hit by Noah Dobson and loses puck.
5:28 of 2nd period - Icing by Ryan Nugent-Hopkins.
5:29 of 2nd period - Dylan Strome wins face-off versus Ryan Nugent-Hopkins in LAS VEGAS LIZARD KINGS zone.
5:42 of 2nd period - Shot by Erik Haula.
5:42 of 2nd period - Shot Misses the Net.
6:29 of 2nd period - Sean Monahan is hit by Matt Duchene and loses puck.
6:36 of 2nd period - Shot by Tyler Johnson.
6:36 of 2nd period - Shot Misses the Net.
6:38 of 2nd period - Shot by Matt Duchene.
6:38 of 2nd period - Stopped by David Rittich with a rebound.
6:46 of 2nd period - Shot by Tyler Johnson.
6:46 of 2nd period - Stopped by David Rittich with a rebound.
6:48 of 2nd period - Shot by Jaret Anderson-Dolan.
6:48 of 2nd period - Shot Misses the Net.
6:50 of 2nd period - Shot by Matt Duchene.
6:50 of 2nd period - Stopped by David Rittich without a rebound.
6:51 of 2nd period - Radek Faksa wins face-off versus Matthew Nieto in LAS VEGAS LIZARD KINGS zone.
8:10 of 2nd period - Shot by Oskar Sundqvist.
8:10 of 2nd period - Shot Blocked by Kevan Miller.
8:41 of 2nd period - Shot by Jakob Silfverberg.
8:41 of 2nd period - Stopped by David Rittich without a rebound.
8:42 of 2nd period - Matt Duchene wins face-off versus Sean Monahan in LAS VEGAS LIZARD KINGS zone.
9:13 of 2nd period - Shot by Tyler Johnson.
9:13 of 2nd period - Shot Misses the Net.
9:15 of 2nd period - Shot by Jaret Anderson-Dolan.
9:15 of 2nd period - Stopped by David Rittich without a rebound.
9:16 of 2nd period - Dylan Strome wins face-off versus Ryan Nugent-Hopkins in LAS VEGAS LIZARD KINGS zone.
9:17 of 2nd period - Shot by Erik Haula.
9:17 of 2nd period - Stopped by David Rittich with a rebound.
9:20 of 2nd period - Minor Penalty to Jakob Silfverberg for Holding.
9:21 of 2nd period - Ryan Nugent-Hopkins wins face-off versus Oskar Sundqvist in LOS ANGELES SEALS zone.
9:53 of 2nd period - Shot by Ryan Nugent-Hopkins.
9:53 of 2nd period - Deflect By Johnny Gaudreau.
9:53 of 2nd period - Stopped by Cal Petersen without a rebound.
9:54 of 2nd period - Sean Monahan wins face-off versus Darren Helm in LOS ANGELES SEALS zone.
11:04 of 2nd period - Shot by Victor Olofsson.
11:04 of 2nd period - Shot Misses the Net.
11:20 of 2nd period - Shot by Johnny Gaudreau.
11:20 of 2nd period - Shot Misses the Net.
11:24 of 2nd period - Shot by Evan Rodrigues.
11:24 of 2nd period - Shot Misses the Net.
11:49 of 2nd period - Shot by Mikhail Grigorenko.
11:49 of 2nd period - Shot Misses the Net.
11:51 of 2nd period - Shot by Mikhail Grigorenko.
11:51 of 2nd period - Shot Blocked by Isac Lundestrom.
11:53 of 2nd period - Shot by Olli Maatta.
11:53 of 2nd period - Shot Blocked by Marcus Pettersson.
12:07 of 2nd period - Shot by Nick Leddy.
12:07 of 2nd period - Stopped by Cal Petersen without a rebound.
12:08 of 2nd period - Ryan Nugent-Hopkins wins face-off versus Matt Duchene in LOS ANGELES SEALS zone.
12:09 of 2nd period - Shot by Johnny Gaudreau.
12:09 of 2nd period - Stopped by Cal Petersen without a rebound.
12:10 of 2nd period - Ryan Nugent-Hopkins wins face-off versus Matt Duchene in LOS ANGELES SEALS zone.
12:21 of 2nd period - Shot by Ryan Nugent-Hopkins.
12:21 of 2nd period - Stopped by Cal Petersen with a rebound.
12:51 of 2nd period - Shot by Johnny Gaudreau.
12:51 of 2nd period - Shot Blocked by Christian Wolanin.
12:53 of 2nd period - Shot by Johnny Gaudreau.
12:53 of 2nd period - Deflect By Victor Olofsson.
12:53 of 2nd period - Stopped by Cal Petersen without a rebound.
12:54 of 2nd period - Dylan Strome wins face-off versus Sean Monahan in LOS ANGELES SEALS zone.
12:54 of 2nd period - Jakob Silfverberg is hit by Barclay Goodrow and loses puck.
13:26 of 2nd period - Icing by Matt Roy.
13:27 of 2nd period - Sean Monahan wins face-off versus Radek Faksa in LAS VEGAS LIZARD KINGS zone.
13:27 of 2nd period - Sean Monahan is hit by Owen Tippett.
13:30 of 2nd period - Icing by Barclay Goodrow.
13:31 of 2nd period - Radek Faksa wins face-off versus Sean Monahan in LAS VEGAS LIZARD KINGS zone.
13:47 of 2nd period - Minor Penalty to Nick Leddy for Roughing.
13:48 of 2nd period - Derek Ryan wins face-off versus Matt Duchene in LAS VEGAS LIZARD KINGS zone.
13:48 of 2nd period - Derek Ryan is hit by Oskar Sundqvist.
14:06 of 2nd period - Shot by Tyler Johnson.
14:06 of 2nd period - Shot Blocked by Barclay Goodrow.
15:10 of 2nd period - Icing by Oskar Sundqvist.
15:11 of 2nd period - Matt Duchene wins face-off versus Derek Ryan in LOS ANGELES SEALS zone.
15:33 of 2nd period - Icing by Oskar Sundqvist.
15:34 of 2nd period - Derek Ryan wins face-off versus Matt Duchene in LOS ANGELES SEALS zone.
16:15 of 2nd period - Shot by Victor Olofsson.
16:15 of 2nd period - Shot Blocked by Noah Dobson.
16:17 of 2nd period - Shot by Victor Olofsson.
16:17 of 2nd period - Shot Misses the Net.
16:45 of 2nd period - Shot by Evan Rodrigues.
16:45 of 2nd period - Shot Misses the Net.
16:47 of 2nd period - Shot by Mikhail Grigorenko.
16:47 of 2nd period - Stopped by Cal Petersen with a rebound.
16:49 of 2nd period - Shot by Brayden McNabb.
16:49 of 2nd period - Shot Blocked by Marcus Pettersson.
16:51 of 2nd period - Shot by Evan Rodrigues.
16:51 of 2nd period - Goal by Evan Rodrigues - LOS ANGELES SEALS : 2 - LAS VEGAS LIZARD KINGS : 1.
16:52 of 2nd period - Darren Helm wins face-off versus Derek Ryan in neutral zone.
17:59 of 2nd period - Brayden McNabb is hit by Oskar Sundqvist.
18:03 of 2nd period - Shot by Sean Monahan.
18:03 of 2nd period - Deflect By Barclay Goodrow.
18:03 of 2nd period - Shot Blocked by Isac Lundestrom.
18:05 of 2nd period - Shot by Sean Monahan.
18:05 of 2nd period - Shot Misses the Net.
18:09 of 2nd period - Shot by Barclay Goodrow.
18:09 of 2nd period - Shot Blocked by Marcus Pettersson.
18:11 of 2nd period - Shot by Barclay Goodrow.
18:11 of 2nd period - Stopped by Cal Petersen with a rebound.
18:26 of 2nd period - Icing by Marcus Pettersson.
18:27 of 2nd period - Ryan Nugent-Hopkins wins face-off versus Oskar Sundqvist in LOS ANGELES SEALS zone.
19:28 of 2nd period - Shot by Evan Rodrigues.
19:28 of 2nd period - Shot Blocked by Adam Boqvist.
Goals for this period are 1 for LOS ANGELES SEALS vs 1 for LAS VEGAS LIZARD KINGS.
Shots for this period are 9 for LOS ANGELES SEALS vs 9 for LAS VEGAS LIZARD KINGS.

3rd period


0:01 of 3rd period - Ryan Nugent-Hopkins wins face-off versus Matt Duchene in neutral zone.
0:04 of 3rd period - Shot by Victor Olofsson.
0:04 of 3rd period - Stopped by Cal Petersen without a rebound.
0:05 of 3rd period - Matt Duchene wins face-off versus Ryan Nugent-Hopkins in LOS ANGELES SEALS zone.
0:26 of 3rd period - Shot by Jaret Anderson-Dolan.
0:26 of 3rd period - Stopped by David Rittich without a rebound.
0:27 of 3rd period - Sean Monahan wins face-off versus Dylan Strome in LAS VEGAS LIZARD KINGS zone.
0:27 of 3rd period - Sean Monahan is hit by Dylan Strome.
0:43 of 3rd period - Nick Leddy is hit by Tobias Bjornfot and loses puck.
1:29 of 3rd period - Off-side.
1:30 of 3rd period - Ryan Nugent-Hopkins wins face-off versus Owen Tippett in neutral zone.
1:36 of 3rd period - Off-side.
1:37 of 3rd period - Matt Duchene wins face-off versus Ryan Nugent-Hopkins in neutral zone.
2:03 of 3rd period - Shot by Matt Duchene.
2:03 of 3rd period - Shot Misses the Net.
2:07 of 3rd period - Shot by Matt Duchene.
2:07 of 3rd period - Stopped by David Rittich with a rebound.
2:09 of 3rd period - Shot by Matt Duchene.
2:09 of 3rd period - Shot Misses the Net.
2:11 of 3rd period - Shot by Matt Duchene.
2:11 of 3rd period - Shot Blocked by Brayden McNabb.
2:39 of 3rd period - Icing by Derek Ryan.
2:40 of 3rd period - Derek Ryan wins face-off versus Dylan Strome in LAS VEGAS LIZARD KINGS zone.
2:40 of 3rd period - Derek Ryan is hit by Dylan Strome.
2:46 of 3rd period - Jakob Silfverberg is hit by Matthew Nieto and loses puck.
2:56 of 3rd period - Icing by Derek Ryan.
2:57 of 3rd period - Derek Ryan wins face-off versus Radek Faksa in LAS VEGAS LIZARD KINGS zone.
3:06 of 3rd period - Shot by Dylan Gambrell.
3:06 of 3rd period - Stopped by Cal Petersen without a rebound.
3:07 of 3rd period - Matt Duchene wins face-off versus Sean Monahan in LOS ANGELES SEALS zone.
3:39 of 3rd period - Shot by Matt Duchene.
3:39 of 3rd period - Stopped by David Rittich without a rebound.
3:40 of 3rd period - Ryan Nugent-Hopkins wins face-off versus Dylan Strome in LAS VEGAS LIZARD KINGS zone.
4:06 of 3rd period - Shot by Erik Haula.
4:06 of 3rd period - Stopped by David Rittich without a rebound.
4:07 of 3rd period - Derek Ryan wins face-off versus Radek Faksa in LAS VEGAS LIZARD KINGS zone.
4:21 of 3rd period - Icing by Owen Tippett.
4:22 of 3rd period - Ryan Nugent-Hopkins wins face-off versus Radek Faksa in LOS ANGELES SEALS zone.
4:47 of 3rd period - Shot by Owen Tippett.
4:47 of 3rd period - Stopped by David Rittich without a rebound.
4:48 of 3rd period - Sean Monahan wins face-off versus Matt Duchene in LAS VEGAS LIZARD KINGS zone.
4:48 of 3rd period - Sean Monahan is hit by Matt Duchene.
4:56 of 3rd period - Shot by Sean Monahan.
4:56 of 3rd period - Stopped by Cal Petersen with a rebound.
4:58 of 3rd period - Shot by Barclay Goodrow.
4:58 of 3rd period - Stopped by Cal Petersen without a rebound.
4:59 of 3rd period - Dylan Strome wins face-off versus Victor Olofsson in LOS ANGELES SEALS zone.
5:57 of 3rd period - Icing by Greg Pateryn.
5:58 of 3rd period - Derek Ryan wins face-off versus Dylan Strome in LOS ANGELES SEALS zone.
5:58 of 3rd period - Nick Leddy is hit by Tobias Bjornfot and loses puck.
6:02 of 3rd period - Minor Penalty to Dylan Gambrell for Tripping.
6:03 of 3rd period - Matt Duchene wins face-off versus Derek Ryan in LAS VEGAS LIZARD KINGS zone.
6:21 of 3rd period - Shot by Matt Duchene.
6:21 of 3rd period - Shot Misses the Net.
6:23 of 3rd period - Shot by Matt Duchene.
6:23 of 3rd period - Goal by Matt Duchene - LOS ANGELES SEALS : 3 - LAS VEGAS LIZARD KINGS : 1.
6:24 of 3rd period - Radek Faksa wins face-off versus Ryan Nugent-Hopkins in neutral zone.
6:41 of 3rd period - Shot by Ryan Nugent-Hopkins.
6:41 of 3rd period - Shot Blocked by Noah Dobson.
6:52 of 3rd period - Darren Helm is hit by Ryan Nugent-Hopkins and loses puck.
8:11 of 3rd period - Tobias Bjornfot is hit by Brandon Hagel and loses puck.
8:18 of 3rd period - Greg Pateryn is hit by Barclay Goodrow and loses puck.
9:18 of 3rd period - Icing by Christian Wolanin.
9:19 of 3rd period - Dylan Strome wins face-off versus Ryan Nugent-Hopkins in LOS ANGELES SEALS zone.
9:24 of 3rd period - Shot by Erik Haula.
9:24 of 3rd period - Stopped by David Rittich without a rebound.
9:25 of 3rd period - Radek Faksa wins face-off versus Ryan Nugent-Hopkins in LAS VEGAS LIZARD KINGS zone.
9:25 of 3rd period - Minor Penalty to Kevan Miller for Roughing.
9:26 of 3rd period - Derek Ryan wins face-off versus Radek Faksa in LAS VEGAS LIZARD KINGS zone.
9:37 of 3rd period - Shot by Barclay Goodrow.
9:37 of 3rd period - Deflect By Derek Ryan.
9:37 of 3rd period - Stopped by Cal Petersen without a rebound.
9:38 of 3rd period - Derek Ryan wins face-off versus Erik Haula in LOS ANGELES SEALS zone.
11:04 of 3rd period - Shot by Barclay Goodrow.
11:04 of 3rd period - Shot Misses the Net.
11:06 of 3rd period - Shot by Barclay Goodrow.
11:06 of 3rd period - Deflect By Derek Ryan.
11:06 of 3rd period - Stopped by Cal Petersen with a rebound.
11:08 of 3rd period - Shot by Derek Ryan.
11:08 of 3rd period - Stopped by Cal Petersen without a rebound.
11:09 of 3rd period - Radek Faksa wins face-off versus Derek Ryan in LOS ANGELES SEALS zone.
11:13 of 3rd period - Off-side.
11:14 of 3rd period - Matt Duchene wins face-off versus Derek Ryan in neutral zone.
12:03 of 3rd period - Shot by Bobby Ryan.
12:03 of 3rd period - Goal by Bobby Ryan - LOS ANGELES SEALS : 3 - LAS VEGAS LIZARD KINGS : 2.
12:04 of 3rd period - Dylan Strome wins face-off versus Ryan Nugent-Hopkins in neutral zone.
12:14 of 3rd period - Ryan Nugent-Hopkins is hit by Erik Haula and loses puck.
12:35 of 3rd period - Shot by Johnny Gaudreau.
12:35 of 3rd period - Shot Misses the Net.
13:19 of 3rd period - Shot by Brandon Hagel.
13:19 of 3rd period - Stopped by Cal Petersen without a rebound.
13:20 of 3rd period - Matt Duchene wins face-off versus Derek Ryan in LOS ANGELES SEALS zone.
13:32 of 3rd period - Shot by Adam Boqvist.
13:32 of 3rd period - Stopped by David Rittich without a rebound.
13:33 of 3rd period - Sean Monahan wins face-off versus Radek Faksa in LAS VEGAS LIZARD KINGS zone.
15:22 of 3rd period - Icing by Marcus Pettersson.
15:23 of 3rd period - Oskar Sundqvist wins face-off versus Ryan Nugent-Hopkins in LOS ANGELES SEALS zone.
15:31 of 3rd period - Ryan Nugent-Hopkins is hit by Marcus Pettersson and loses puck.
15:34 of 3rd period - Shot by Johnny Gaudreau.
15:34 of 3rd period - Stopped by Cal Petersen without a rebound.
15:35 of 3rd period - Sean Monahan wins face-off versus Dylan Strome in LOS ANGELES SEALS zone.
15:44 of 3rd period - Shot by Brandon Hagel.
15:44 of 3rd period - Shot Blocked by Greg Pateryn.
15:59 of 3rd period - Off-side.
16:00 of 3rd period - Matt Duchene wins face-off versus Ryan Nugent-Hopkins in neutral zone.
16:18 of 3rd period - Shot by Adam Boqvist.
16:18 of 3rd period - Shot Blocked by Matt Roy.
16:20 of 3rd period - Shot by Matt Duchene.
16:20 of 3rd period - Shot Misses the Net.
16:26 of 3rd period - Shot by Matt Duchene.
16:26 of 3rd period - Shot Misses the Net.
16:28 of 3rd period - Shot by Jaret Anderson-Dolan.
16:28 of 3rd period - Stopped by David Rittich without a rebound.
16:29 of 3rd period - Dylan Strome wins face-off versus Sean Monahan in LAS VEGAS LIZARD KINGS zone.
16:46 of 3rd period - Shot by Jakob Silfverberg.
16:46 of 3rd period - Shot Misses the Net.
16:48 of 3rd period - Shot by Dylan Strome.
16:48 of 3rd period - Stopped by David Rittich without a rebound.
16:49 of 3rd period - Radek Faksa wins face-off versus Johnny Gaudreau in LAS VEGAS LIZARD KINGS zone.
17:10 of 3rd period - Victor Olofsson is hit by Tobias Bjornfot and loses puck.
18:21 of 3rd period - Shot by Derek Ryan.
18:21 of 3rd period - Stopped by Cal Petersen without a rebound.
18:22 of 3rd period - Sean Monahan wins face-off versus Dylan Strome in LOS ANGELES SEALS zone.
18:33 of 3rd period - Dylan Strome is hit by Barclay Goodrow and loses puck.
19:31 of 3rd period - LAS VEGAS LIZARD KINGS, David Rittich is pulled from the net.
Goals for this period are 1 for LOS ANGELES SEALS vs 1 for LAS VEGAS LIZARD KINGS.
Shots for this period are 10 for LOS ANGELES SEALS vs 11 for LAS VEGAS LIZARD KINGS.


RYAN
NUGENT-HOPKINS
THATCHER
DEMKO
MITCHELL
MARNER

EAST COAST

HOCKEY LEAGUE

  • 13.MAN3PIT5
  • 14.NHW2ATL3
  • 15.PET5WOR4
  • 16.RHI30
  • 17.QUECHI
  • 18.CHALIM
  • 19.TRVLON
  • 20.CHWBAL